 Dungeon Sprint DCSS version 0.27-a0-40-g5f2be0e231 (webtiles) character file.

Game seed: 4975078239409767920

47484 mhtbhm the Minotaur Blade (level 14, -8/154 HPs)
             Began as a Minotaur Fighter on Jan 6, 2021.
             Was the Champion of the Shining One.
             Mangled by Kirke (18 damage)
             ... in the Dungeon (Sprint IX: "|||||||||||||||||||||||||||||").
             The game lasted 00:12:08 (5482 turns).

mhtbhm the Minotaur Blade (Minotaur Fighter)        Turns: 5482, Time: 00:12:08

Health: -8/154     AC:  0    Str: 27    XL:     14   Next: 8%
Magic:  15/15      EV: 19    Int:  5    God:    the Shining One [******]
Gold:   32         SH:  0    Dex:  9    Spells: 13/13 levels left

rFire    . . .     SeeInvis .   (weapon currently unavailable)
rCold    . . .     Faith    .   (shield currently unavailable)
rNeg     + + +     Spirit   .   (armour currently unavailable)
rPois    .         Reflect  .   (helmet currently unavailable)
rElec    .         Harm     .   (cloak currently unavailable)
rCorr    .         Rampage  .   (gloves currently unavailable)
Will     +....     NoTele   +   (boots currently unavailable)
Stlth    +.........             (no amulet)
HPRegen  0.35/turn              (ring currently unavailable)
MPRegen  0.14/turn              (ring currently unavailable)

@: mighty, pig-form, slowed, glowing
A: small, (retaliatory headbutt)
a: Renounce Religion, Divine Shield, Cleansing Flame, Summon Divine Warrior,
Brand Weapon With Holy Wrath


You were in the Dungeon.
You worshipped the Shining One.
The Shining One was exalted by your worship.
You were a filthy swine.
You visited 1 branch You collected 1910 gold pieces.
You spent 1878 gold pieces at shops.

Inventory:

Hand Weapons
 a - a +1 scimitar of flaming (melded)
Armour
 b - the +5 ring mail of Skepticism (melded) {rC+ Int+5 Stlth-}
   (You bought it in a shop in the Dungeon)

   It affects your intelligence (+5).
   It protects you from cold.
   It makes you less stealthy.
 c - a +0 kite shield (melded)
 p - a +0 pair of boots (melded)
 q - a +1 cloak of stealth (melded)
 y - a +0 pair of gloves (melded)
Jewellery
 o - a +4 ring of protection (melded)
 r - a +3 ring of dexterity (melded)
Wands
 k - a wand of paralysis (9)
Scrolls
 j - 2 scrolls of blinking
 l - 4 scrolls of remove curse
 m - 2 scrolls of amnesia
 s - 2 scrolls of enchant armour
 u - 5 scrolls of enchant weapon
 v - 6 scrolls of fear
 w - 3 scrolls of identify
 x - a scroll of immolation
 z - a scroll of fog
Potions
 d - a potion of might
 f - 3 potions of heal wounds
 h - 4 potions of magic
 i - 2 potions of mutation
 t - 4 potions of resistance


   Skills:
 + Level 22.0 Fighting
 + Level 22.6 Long Blades
 + Level 17.1 Armour
 + Level 9.7 Dodging
 + Level 2.7 Stealth
 + Level 22.2 Shields
 + Level 3.0 Invocations
 + Level 4.5 Evocations


You had 13 spell levels left.
You didn't know any spells.
Your spell library was empty.

Dungeon Overview and Level Annotations

Branches:
Dungeon (1/1)

Altars:
Cheibriados
Dithmenos
Elyvilon
Fedhas
Gozag
Hepliaklqana
Kikubaaqudgha
Makhleb
Nemelex Xobeh
Okawaru
Qazlal
Ru
Sif Muna
Trog
Uskayaw
Vehumet
Wu Jian
Xom
Yredelemnul
Zin
The Shining One
Beogh
Jiyva
Lugonu

Shops:
D *!**

Annotations:
D Kirke


Innate Abilities, Weirdness & Mutations

((You reflexively headbutt those who attack you in melee.))
((You have a pair of horns on your head.))


Message History

Unknown command.
You feel much better.
Kirke mumbles some strange words.
Nothing appears to happen.
The manticore completely misses you. x2
The manticore closely misses you.
Kirke mumbles some strange words.
Nothing appears to happen.
The manticore bites you!
* * * LOW HITPOINT WARNING * * *
The manticore misses you. The manticore claws you!
* * * LOW HITPOINT WARNING * * *
You bite Kirke!
Kirke is almost dead.
Kirke hits you!
* * * LOW HITPOINT WARNING * * *
The manticore completely misses you. The manticore closely misses you.
The manticore barely misses you.
You bite Kirke!
Kirke is almost dead.
Kirke hits you!!
You die...

.............[...................
▓▓▓▓▓▓▓▓▓▓▓▓▓▓▓▓▓▓▓▓▓▓▓▓▓▓▓▓▓▓▓▓▓
.....(.).[))..........[[[[[[[[.))
▓▓▓▓▓▓▓▓▓▓▓▓▓▓▓▓▓▓▓▓▓▓▓▓▓▓▓▓▓▓▓▓▓
.).......(()....)..........).....
▓▓▓▓▓▓▓▓▓▓▓▓▓▓▓▓▓▓▓▓▓▓▓▓▓▓▓▓▓♣♣♣♣
...).)))'.....(...'......)))'....
▓▓▓▓▓▓▓▓▓▓▓▓▓▓▓▓▓▓▓▓▓▓▓▓▓▓▓▓▓♣♣♣♣
...............Hh@hH....
▓▓▓▓▓▓▓▓▓▓▓▓▓▓▓▓▓▓▓▓▓▓▓▓


You could see Kirke (invisible), 2 manticores and a hog.

Vanquished Creatures
  Rupert (D)
  2 nagarajas (D)
  Gastronok (D)
  A very ugly thing (D)
  Nessos (D)
  A stone giant (D)
  2 bunyips (D)
  2 entropy weavers (D)
  Snorg (D)
  An eleionoma (D)
  A merfolk javelineer (D)
  A shambling mangrove (D)
  5 hydras (D)
  2 naga warriors (D)
  Erica (D)
  An ice dragon (D)
  A centaur warrior (D)
  An alligator (D)
  2 ogre magi (D)
  A tengu warrior (D)
  11 orc high priests (D)
  A shock serpent (D)
  A sea snake (D)
  2 unseen horrors (D)
  A harpy (D)
  An orc knight (D)
  An orb spider (D)
  3 ugly things (D)
  A manticore (D)
  8 elephants (D)
  A black mamba (D)
  4 naga magi (D)
  A cane toad (D)
  A merfolk siren (D)
  A freezing wraith (D)
  A komodo dragon (D)
  A troll (D)
  4 demonic crawlers (D)
  A meliai (D)
  2 merfolk (D)
  A polar bear (D)
  2 wind drakes (D)
  A blink frog (D)
  2 redbacks (D)
  A wyvern (D)
  2 yaks (D)
  Grum (D)
  A basilisk (D)
  2 hogs (D)
  A vampire mosquito (D)
  3 water moccasins (D)
  A soldier ant (D)
  A swamp drake (D)
  2 black bears (D)
  10 orc warriors (D)
  4 wolves (D)
  2 centaurs (D)
  4 bullfrogs (D)
  4 orc wizards (D)
  6 orc priests (D)
  A worker ant (D)
  A white imp (D)
  An adder skeleton (D)
  9 orcs (D)
  A giant cockroach (D)
  A jackal (D)
  2 ball pythons (D)
  2 frilled lizards (D)
  A kobold (D)
  A leopard gecko zombie (D)
147 creatures vanquished.

Vanquished Creatures (others)
  An alligator (D)
1 creature vanquished.

Grand Total: 148 creatures vanquished

Notes
Turn   | Place    | Note
-------+----------+-------------------------------------------
     0 | D        | mhtbhm the Minotaur Fighter began the quest for the Orb.
     0 | D        | Reached XP level 1. HP: 19/19 MP: 0/0
   110 | D        | Noticed a worker ant
   110 | D        | Noticed a centaur
   116 | D        | Killed a centaur
   117 | D        | Reached XP level 2. HP: 15/31 MP: 1/1
   117 | D        | Reached XP level 3. HP: 19/38 MP: 2/2
   117 | D        | Reached XP level 4. HP: 22/45 MP: 3/3
   130 | D        | Reached skill level 5 in Long Blades
   130 | D        | Reached skill level 1 in Dodging
   136 | D        | Found a roughly hewn altar of Beogh.
   136 | D        | Found a snail-covered altar of Cheibriados.
   136 | D        | Found a shadowy altar of Dithmenos.
   136 | D        | Found a white marble altar of Elyvilon.
   136 | D        | Found a blossoming altar of Fedhas.
   136 | D        | Found an opulent altar of Gozag.
   137 | D        | Found a hazy altar of Hepliaklqana.
   138 | D        | Found a viscous altar of Jiyva.
   139 | D        | Found an ancient bone altar of Kikubaaqudgha.
   140 | D        | Found a corrupted altar of Lugonu.
   141 | D        | Found a burning altar of Makhleb.
   142 | D        | Found a sparkling altar of Nemelex Xobeh.
   143 | D        | Found an iron altar of Okawaru.
   144 | D        | Found a stormy altar of Qazlal.
   145 | D        | Found a sacrificial altar of Ru.
   146 | D        | Found a shimmering blue altar of Sif Muna.
   147 | D        | Found a bloodstained altar of Trog.
   148 | D        | Found a hide-covered altar of Uskayaw.
   149 | D        | Found a radiant altar of Vehumet.
   150 | D        | Found an ornate altar of the Wu Jian Council.
   151 | D        | Found a shimmering altar of Xom.
   152 | D        | Found a basalt altar of Yredelemnul.
   153 | D        | Found a glowing silver altar of Zin.
   154 | D        | Found a glowing golden altar of the Shining One.
   185 | D        | Became a worshipper of the Shining One
   416 | D        | Noticed a bullfrog
   416 | D        | Reached * piety under the Shining One
   416 | D        | Noticed a wyvern
   418 | D        | Killed a wyvern
   419 | D        | Reached XP level 5. HP: 56/56 MP: 4/4
   423 | D        | Reached XP level 6. HP: 60/62 MP: 5/5
   424 | D        | Noticed an unseen horror
   429 | D        | Killed an unseen horror
   430 | D        | Reached skill level 10 in Fighting
   430 | D        | Reached skill level 10 in Long Blades
   430 | D        | Reached skill level 10 in Armour
   430 | D        | Reached skill level 10 in Shields
   430 | D        | Reached XP level 7. HP: 62/73 MP: 6/6
   483 | D        | Reached ** piety under the Shining One
   483 | D        | Noticed a yak
   483 | D        | Noticed a centaur warrior
   483 | D        | Noticed a troll
   483 | D        | Noticed a cyan ugly thing
   483 | D        | Reached *** piety under the Shining One
   493 | D        | Killed a cyan ugly thing
   493 | D        | Noticed an unseen horror
   494 | D        | Reached XP level 8. HP: 66/82 MP: 7/7
   495 | D        | Killed a troll
   502 | D        | Killed a centaur warrior
   503 | D        | Reached XP level 9. HP: 52/91 MP: 8/8
   504 | D        | Killed an unseen horror
   812 | D        | Found the +7 captain's cutlass {speed, disarm}
   844 | D        | Noticed a four-headed hydra
   844 | D        | Reached **** piety under the Shining One
   844 | D        | Noticed a komodo dragon
   850 | D        | Killed a komodo dragon
   853 | D        | Noticed a cane toad
   857 | D        | Noticed an eight-headed hydra
   863 | D        | Killed a 13-headed hydra
   866 | D        | Reached skill level 15 in Long Blades
   870 | D        | Reached XP level 10. HP: 33/102 MP: 9/9
  1134 | D        | Killed an 11-headed hydra
  1205 | D        | Killed a cane toad
  1371 | D        | Reached ***** piety under the Shining One
  1371 | D        | Noticed a black mamba
  1371 | D        | Noticed a five-headed hydra
  1381 | D        | Killed a 13-headed hydra
  1382 | D        | Reached skill level 1 in Evocations
  1390 | D        | Killed a black mamba
  1397 | D        | Reached skill level 15 in Fighting
  1626 | D        | Noticed an elephant
  1626 | D        | Noticed an elephant
  1626 | D        | Noticed an elephant
  1626 | D        | Noticed an elephant
  1626 | D        | Noticed an elephant
  1626 | D        | Noticed an elephant
  1630 | D        | Killed an elephant
  1631 | D        | Reached skill level 1 in Stealth
  1633 | D        | Killed an elephant
  1634 | D        | Reached XP level 11. HP: 110/113 MP: 10/10
  1656 | D        | Reached skill level 15 in Armour
  1661 | D        | Reached skill level 15 in Shields
  1669 | D        | Reached ****** piety under the Shining One
  1796 | D        | Noticed Grum
  1804 | D        | Killed Grum
  1912 | D        | Noticed an orc knight
  1912 | D        | Noticed an orc high priest
  1920 | D        | Killed an orc high priest
  1926 | D        | Killed an orc knight
  2078 | D        | Noticed an orc high priest
  2092 | D        | Killed an orc high priest
  2144 | D        | Found Epyiphae's Assorted Antiques.
  2144 | D        | Noticed an orc high priest
  2144 | D        | Noticed an orc high priest
  2144 | D        | Noticed an orc high priest
  2144 | D        | Noticed an orc high priest
  2147 | D        | Noticed an orc high priest
  2154 | D        | Killed an orc high priest
  2155 | D        | Found Biagrais's General Store.
  2160 | D        | Killed an orc high priest
  2161 | D        | Noticed a sixfirhy
  2164 | D        | Killed an orc high priest
  2169 | D        | Noticed an orc high priest
  2172 | D        | Found Udgholusa's Distillery.
  2176 | D        | Killed an orc high priest
  2178 | D        | Killed an orc high priest
  2179 | D        | Reached XP level 12. HP: 75/127 MP: 11/11
  2185 | D        | Killed an orc high priest
  2186 | D        | Reached skill level 1 in Invocations
  2333 | D        | Found Seqah's General Store.
  2335 | D        | Noticed an orc high priest
  2337 | D        | Noticed an orc high priest
  2338 | D        | Noticed an orc high priest
  2341 | D        | Killed an orc high priest
  2350 | D        | Killed an orc high priest
  2363 | D        | Killed an orc high priest
  2399 | D        | Bought a scroll of fear for 42 gold pieces
  2399 | D        | Bought a scroll of enchant armour for 90 gold pieces
  2401 | D        | Bought a potion of heal wounds for 65 gold pieces
  2405 | D        | Bought a scroll of enchant weapon for 202 gold pieces
  2405 | D        | Bought a scroll of blinking for 202 gold pieces
  2411 | D        | Bought a fine ring mail for 243 gold pieces
  2416 | D        | Identified the +5 ring mail of Skepticism {rC+ Int+5
                  | Stlth-} (You bought it in a shop in the Dungeon)
  2420 | D        | Bought 2 potions of resistance for 260 gold pieces
  2428 | D        | Bought a scroll of identify for 54 gold pieces
  2432 | D        | Bought a +4 ring of protection for 468 gold pieces
  2435 | D        | Bought a potion of mutation for 104 gold pieces
  2451 | D        | Bought a scroll of identify for 54 gold pieces
  2451 | D        | Bought a scroll of fear for 94 gold pieces
  2473 | D        | Noticed Erica
  2483 | D        | Killed Erica
  2544 | D        | Noticed Gastronok
  2559 | D        | Killed Gastronok
  2720 | D        | Noticed an ogre mage
  2723 | D        | Noticed an ice dragon
  2732 | D        | Reached skill level 5 in Dodging
  2738 | D        | Killed an ogre mage
  2743 | D        | Killed an ice dragon
  2748 | D        | Noticed a tengu warrior
  2749 | D        | Noticed an ogre mage
  2754 | D        | Noticed a stone giant
  2756 | D        | Noticed a red very ugly thing
  2762 | D        | Killed a tengu warrior
  2765 | D        | Killed an ogre mage
  2778 | D        | Killed a stone giant
  2787 | D        | Killed a red very ugly thing
  2986 | D        | Noticed Rupert
  3005 | D        | Killed Rupert
  3006 | D        | Reached XP level 13. HP: 130/139 MP: 13/13
  3039 | D        | Noticed Snorg
  3040 | D        | Noticed Nessos
  3048 | D        | Killed Snorg
  3052 | D        | Killed Nessos
  3120 | D        | Noticed a bunyip
  3120 | D        | Noticed a bunyip
  3120 | D        | Noticed an eleionoma
  3127 | D        | Killed an eleionoma
  3133 | D        | Killed a bunyip
  3137 | D        | Killed a bunyip
  3355 | D        | Noticed a nagaraja
  3356 | D        | Noticed a nagaraja
  3397 | D        | Killed a nagaraja
  3912 | D        | Killed a nagaraja
  4386 | D        | Noticed an entropy weaver
  4391 | D        | Noticed an entropy weaver
  4528 | D        | Killed an entropy weaver
  4909 | D        | Killed an entropy weaver
  5168 | D        | Noticed a merfolk javelineer
  5172 | D        | Killed a merfolk javelineer
  5181 | D        | Reached XP level 14. HP: 101/152 MP: 15/15
  5450 | D        | Noticed Kirke
  5482 | D        | Mangled by Kirke

Illustrated notes

Levels and vault maps discovered:
D:        linesprint [early_d, line_temple, items_1, d_10, items_2, lair_1,
          lair_end, items_3, orc_1, orc_end, items_4, d_15, swamp_1, shoals_1,
          snake_1, spider_1, d_20, vaults_1, items_5, swamp_end, shoals_end,
          snake_end, spider_end, vaults_end, d_27, items_6, zot_1, zot_end,
          crypt_end, forest_end, elf_end, slime_end, tomb_end, abyss_end,
          pan_hell_end]

Skill      XL: |  1  2  3  4  5  6  7  8  9 10 11 12 13 14 |
---------------+-------------------------------------------+-----
Fighting       | 6 8 10 11 12 13 15 17 20 21 22 | 22.0
Armour         | 6 8 10 11 12 14 16 17 | 17.1
Shields        | 6 8 10 11 12 13 14 16 19 21 22 | 22.2
Long Blades    | 4 7 10 11 13 15 16 18 21 22 | 22.6
Dodging        | 1 2 3 4 5 9 |  9.7
Evocations     | 1 2 4 |  4.5
Stealth        | 1 2 |  2.7
Invocations    | 2 3 |  3.0

Action                   |  1- 3 |  4- 6 |  7- 9 | 10-12 | 13-15 || total
-------------------------+-------+-------+-------+-------+-------++-------
Melee: Long sword        |    25 |    13 |       |       |       ||    38
       Headbutt          |     3 |     4 |    12 |    91 |    55 ||   165
       Scimitar          |       |     9 |    44 |   310 |   205 ||   568
       Unarmed           |       |       |       |       |    17 ||    17
Invok: Divine Shield     |       |       |       |     1 |     2 ||     3
Evoke: Wand              |       |       |     1 |     8 |     3 ||    12
  Use: Potion            |       |       |     2 |     5 |    12 ||    19
       Scroll            |       |       |       |     1 |     1 ||     2
Armor: Scale mail        |    11 |     3 |       |       |       ||    14
       Plate armour      |       |     3 |    24 |    62 |       ||    89
       Ring mail         |       |       |       |    13 |    74 ||    87
Dodge: Dodged            |     9 |     7 |    22 |    70 |   126 ||   234
Block: Kite shield       |    10 |    12 |    28 |   146 |   183 ||   379
       Rpst.: Scimitar   |       |     2 |     2 |     9 |     9 ||    22

Table legend: (Time is in decaauts)
 A = Elapsed time spent in this place.
 B = Non-inter-level travel time spent in this place.
 C = Inter-level travel time spent in this place.
 D = Time resting spent in this place.
 E = Time spent auto-exploring this place.
 F = Levels seen in this place.
 G = Mean time per level.
                   A        B        C        D        E       F      G
               +--------+--------+--------+--------+--------+-----+--------+
         Total |   5334 |   5334 |      0 |   2438 |   1508 |   1 | 5334.0 |
       Dungeon |   5334 |   5334 |      0 |   2438 |   1508 |   1 | 5334.0 |
               +--------+--------+--------+--------+--------+-----+--------+

Top non-repeatable levels by time:
       D: 5334 daAuts
